 Dungeon Crawl Stone Soup version 0.27.1-33-g824d729ab1 (webtiles) character file.

Game seed: 10326238139459971492

23669 pkoi the Destroyer (level 12, -10/66 HPs)
             Began as a White Draconian Conjurer on Dec 10, 2021.
             Was a Believer of Dithmenos.
             Killed from afar by a wretched star (17 damage)
             ... with a lance of force
             ... on level 1 of the Abyss.
             The game lasted 00:32:10 (17413 turns).

pkoi the Destroyer (White Draconian Conjurer)      Turns: 17413, Time: 00:32:10

Health: -10/66     AC: 13    Str:  8      XL:     12   Next: 73%
Magic:  11/23      EV: 12    Int: 22      God:    Dithmenos [**....]
Gold:   267        SH:  0    Dex:  4 (5)  Spells: 10/22 levels left

rFire    . . .     SeeInvis +   M - staff of cold
rCold    + + .     Faith    .   (no shield)
rNeg     . . .     Spirit   .   (armour unavailable)
rPois    +         Reflect  .   (helmet restricted)
rElec    .         Harm     .   e - +1 cloak
rCorr    .         Rampage  .   w - +1 pair of gloves
Will     .....     Rnd*Rage +   I - +0 pair of boots of the Barber Surgeon {rPois Int-2 SInv} Stlth +++.......Rnd*Tele +
                                (no amulet)
HPRegen  0.00/turn              A - ring of magical power
MPRegen  0.18/turn              H - +6 ring of intelligence

@: unable to read, inhibited regen, wreathed by umbra, studying Crossbows
A: breathe frost, AC +8, unfitting armour, cold resistance 1, cold-blooded,
[berserk 3], [clumsy 2], [deterioration 2], [dopey 2], [frail 3], [low mp 3],
[screaming 2], [inhibited regeneration], [teleportitis 3], [weak 2], [no potion
heal 2], [subdued magic 3], [inability to read while threatened]
a: Breathe Frost, Renounce Religion, Shadow Step


You were on level 1 of the Abyss.
You worshipped Dithmenos.
Dithmenos was pleased with you.
You visited 2 branches of the dungeon, and saw 12 of its levels.
You visited the Abyss 1 time.
You also visited: Sewer and Gauntlet.

You collected 634 gold pieces.
You spent 367 gold pieces at shops.

Inventory:

Hand Weapons
 f - a +0 dagger
 p - a +3 short sword of freezing
 D - a +2 short sword of protection
Missiles
 j - 3 throwing nets
 B - a curare-tipped dart
 J - 8 javelins
Armour
 e - a +1 cloak (worn)
 w - a +1 pair of gloves (worn)
 I - the +0 pair of boots of the Barber Surgeon (worn) {rPois Int-2 SInv}
   (You found it in a Gauntlet)

   Int:       It affects your intelligence (-2).
   rPois:     It protects you from poison.
   SInv:      It lets you see invisible.
Magical Staves
 h - a staff of death
 M - a staff of cold (weapon)
Jewellery
 k - a +6 ring of strength
 l - a ring of magical power
 y - a +4 ring of protection
 A - a ring of magical power (left hand)
 G - a ring of poison resistance
 H - a +6 ring of intelligence (right hand)
Wands
 i - a wand of paralysis (3)
 n - a wand of flame (64)
 u - a wand of iceblast (15)
 z - a wand of polymorph (17)
 E - a wand of digging (12)
 F - a wand of mindburst (17)
 K - a wand of charming (5)
Scrolls
 a - 2 scrolls of teleportation
 s - a scroll of fear
 t - a scroll of fog
 C - 2 scrolls of enchant weapon
 N - a scroll of identify
Potions
 b - a potion of cancellation
 c - 3 potions of heal wounds
 d - 2 potions of berserk rage
 g - 6 potions of curing
 m - 4 potions of flight
 o - a potion of brilliance
 q - a potion of might
 r - 3 potions of haste
 v - a potion of lignification {unknown}
 x - 3 potions of resistance


   Skills:
 - Level 5.6 Fighting
 + Level 5.7 Short Blades
 - Level 1.1 Staves
 + Level 5.9 Dodging
 + Level 6.2 Stealth
 + Level 5.6 Spellcasting
 + Level 10.3 Conjurations
 - Level 6.8 Hexes
 - Level 2.1 Necromancy
 + Level 3.0 Translocations
 + Level 9.5 Ice Magic
 + Level 8.0 Air Magic


You had 10 spell levels left.
You knew the following spells:

 Your Spells              Type           Power      Damage    Failure   Level
a - Magic Dart            Conj           100%       1d8       0%          1
b - Searing Ray           Conj           54%        3d5       1%          2
c - Dazzling Flash        Conj/Hex       46%        N/A       1%          3
d - Freezing Cloud        Conj/Ice/Air   18%        6-21      2%          5
e - Apportation           Tloc           20%        N/A       1%          1

Your spell library contained the following spells:

 Spells                   Type           Power      Damage    Failure   Level
 Animate Skeleton         Necr           16%        N/A       1%          1
 Corona                   Hex            21%        N/A       1%          1
 Pain                     Necr           32%        1d5       1%          1
 Corpse Rot               Necr/Air       N/A        N/A       1%          2
 Poisonous Vapours        Pois/Air       24%        N/A       1%          2
 Fulminant Prism          Conj/Hex       11%        3d9       1%          4
 Sublimation of Blood     Necr           4%         N/A       2%          2
 Iskenderun's Mystic Bla  Conj/Tloc      18%        2d6       2%          4
 Beastly Appendage        Tmut           6%         N/A       4%          1
 Summon Small Mammal      Summ           12%        N/A       4%          1
 Wereblood                Tmut           3%         N/A       8%          2
 Spider Form              Tmut/Pois      1%         N/A       17%         3
 Irradiate                Conj/Tmut      7%         3d15      19%         5
 Petrify                  Tmut/Erth      3%         N/A       54%         4
 Agony                    Necr           8%         N/A       58%         5
 Excruciating Wounds      Necr           4%         N/A       58%         5


Dungeon Overview and Level Annotations

Branches:
Dungeon (11/15)            Temple (1/1) D:4             Orc (0/2) D:9
  Sewer (visited)         Gauntlet (visited)
   Lair: D:8-11

Altars:
Ashenzari
Cheibriados
Dithmenos
Elyvilon
Fedhas
Gozag
Hepliaklqana
Kikubaaqudgha
Makhleb
Nemelex Xobeh
Okawaru
Qazlal
Ru
Sif Muna
Trog
Uskayaw
Vehumet
Wu Jian
Xom
Yredelemnul
Zin
The Shining One

Shops:
D:4 !*[*   D:8 *

Annotations:
D:6 1 runed translucent door, 0gre's ghost, novice GnCj
D:11 Erolcha


Innate Abilities, Weirdness & Mutations

You can breathe waves of freezing cold which knock back foes.
Your icy white scales are hard. (AC +8)
You cannot fit into any form of body armour.
Your flesh is cold resistant. (rC+)
You are cold-blooded and may be slowed by cold attacks.
[You have an uncontrollable temper.]
[You are very clumsy. (Dex -4)]
[Your body often deteriorates upon taking damage.]
[You are very dopey. (Int -4)]
[You are extremely frail. (-30% HP)]
[Your magical capacity is extremely low. (-30% MP)]
[You frequently scream uncontrollably at your foes.]
[You do not regenerate when monsters are visible.]
[You are often teleported next to monsters.]
[You are very weak. (Str -4)]
[Potions cannot restore your health.]
[Your spells are much easier to cast, but much less powerful.]
[You sometimes lose the ability to read scrolls when taking damage.]


Message History

You are knocked back by the lance of force.
You slam into the stone wall!
* * * LOW HITPOINT WARNING * * *
A small abomination comes into view.
You scream at the small abomination!
The wretched star is engulfed in freezing vapours.
You hear a roar!
The wretched star glows turbulently.
The lance of force hits you!
* * * LOW HITPOINT WARNING * * *
Your body deteriorates!
You feel clumsy.
You are knocked back by the lance of force.
You slam into the rock wall!
* * * LOW HITPOINT WARNING * * *
The wretched star pulses with an eldritch light!
You feel stupid. x2
A white imp comes into view.
You can read scrolls again.
Found a long sword.
You see here a +0 long sword.
Found a rapier.
The wretched star pulses with an eldritch light!
You feel less energetic. x3
The wretched star pulses with an eldritch light!
Your connection to magic feels subdued.
Your connection to magic feels more subdued.
You feel clumsy. x2
The wretched star pulses with an eldritch light!
Your system partially rejects the healing effects of potions.
Your system completely rejects the healing effects of potions.
Your connection to magic feels nearly dormant.
The wretched star pulses with an eldritch light!
You feel even more weirdly uncertain.
The wretched star pulses with an eldritch light!
The wretched star pulses with an eldritch light!
The wretched star pulses with an eldritch light!
The wretched star glows turbulently.
The lance of force hits you!
You feel threatened and lose the ability to read scrolls!
You die...

#....#.######. .
# ...#.##...##.
#............# .
## ..........###
#.............##
#............#
### ).........# .
##
....#*....##....
#...##..#@......#
#.####..##.#.....
# # #..## .......
#### ##.....
###.. .


You could see a wretched star.

Vanquished Creatures
  A minotaur (Gauntlet)
  Erica (D:9)
  2 two-headed ogres
  6 death yaks (Gauntlet)
  A manticore (D:7)
  A worldbinder (Gauntlet)
  A cyclops (D:11)
  A smoke demon (Abyss:1)
  A torpor snail (Gauntlet)
  2 unseen horrors
  2 trolls (D:9)
  2 hornets (D:8)
  Prince Ribbit (D:5)
  Grinder (D:4)
  5 slime creatures (D:7)
  A wraith (D:11)
  9 yaks (D:10)
  A steam dragon (D:6)
  A neqoxec (Gauntlet)
  A chaos spawn (Gauntlet)
  An acid dragon (D:10)
  4 water moccasins
  4 orc warriors
  3 sky beasts
  A black bear (D:6)
  2 hornet zombies (D:7)
  3 ice beasts
  An ogre (D:5)
  A necrophage (D:7)
  5 centaurs
  5 phantoms
  2 kobold brigands
  A gnoll sergeant (D:9)
  3 scorpions
  A water moccasin skeleton (D:6)
  5 killer bees (D:10)
  A centaur zombie (D:7)
  3 jellies
  4 hounds
  2 gnoll shamans
  4 orc priests
  3 centaur skeletons
  Ijyb (D:5)
  14 orc wizards
  A howler monkey zombie (D:10)
  17 gnolls
  5 adders
  A river rat (Sewer)
  2 shadow imps (D:6)
  An adder skeleton (D:4)
  2 worms (D:5)
  45 orcs
  7 bats
  6 endoplasms
  7 giant cockroaches
  6 goblins
  6 hobgoblins
  2 jackals (Sewer)
  6 kobolds
  2 quokkas
  6 ball pythons
  A frilled lizard (D:1)
  8 rats
246 creatures vanquished.

Vanquished Creatures (others)
  An orc (D:10)
1 creature vanquished.

Grand Total: 247 creatures vanquished

Notes
Turn   | Place    | Note
-------+----------+-------------------------------------------
     0 | D:1      | pkoi the Draconian Conjurer began the quest for the Orb.
     0 | D:1      | Reached XP level 1. HP: 14/14 MP: 3/3
   482 | D:1      | Reached XP level 2. HP: 20/20 MP: 3/5
   507 | D:1      | Found a faded altar of an unknown god.
   689 | D:1      | You fall into a shaft and drop 1 floor!
  1001 | D:1      | Learned a level 2 spell: Searing Ray
  1458 | D:2      | Reached XP level 3. HP: 26/26 MP: 4/6
  1544 | D:2      | Reached skill level 5 in Conjurations
  1544 | D:2      | Reached skill level 1 in Necromancy
  1640 | D:2      | Reached XP level 4. HP: 33/33 MP: 2/7
  1939 | D:2      | Noticed a phantom
  1947 | D:2      | Killed a phantom
  1948 | D:2      | Reached XP level 5. HP: 33/38 MP: 0/9
  1962 | D:2      | Learned a level 3 spell: Dazzling Flash
  2807 | D:3      | Reached skill level 1 in Hexes
  3765 | D:4      | Found a glowing silver altar of Zin.
  3793 | D:4      | Reached XP level 6. HP: 45/45 MP: 6/11
  4006 | D:4      | Found a staircase to the Ecumenical Temple.
  4015 | Temple   | Entered the Ecumenical Temple
  4326 | D:4      | Reached skill level 6 in Conjurations
  4749 | D:4      | Your scales start taking on an icy white colour.
  4749 | D:4      | Reached XP level 7. HP: 50/50 MP: 6/13
  4749 | D:4      | Gained mutation: Your flesh is cold resistant. (rC+) [White
                  | Draconian growth]
  4757 | D:4      | Learned a level 5 spell: Freezing Cloud
  4888 | D:4      | Reached skill level 1 in Ice Magic
  4968 | D:4      | Noticed Grinder
  4972 | D:4      | Paralysed by Grinder for 6 turns
  4994 | D:4      | Killed Grinder
  4995 | D:4      | Reached skill level 1 in Air Magic
  5316 | D:4      | Found Vuistunk's Assorted Antiques.
  5318 | D:4      | Found Ceel's General Store.
  5345 | D:4      | Found Pid Xacenie's Armour Shop.
  5346 | D:4      | Found Koahaonoi's Distillery.
  5543 | D:5      | Entered Level 5 of the Dungeon
  5661 | D:5      | Found a glowing drain.
  5703 | Sewer    | Entered a sewer
  6076 | Sewer    | Found a glowing silver altar of Zin.
  6264 | D:5      | Noticed Prince Ribbit
  6271 | D:5      | Killed Prince Ribbit
  6272 | D:5      | Reached skill level 7 in Conjurations
  6272 | D:5      | Reached XP level 8. HP: 57/57 MP: 4/14
  6457 | D:5      | Noticed Ijyb
  6465 | D:5      | Killed Ijyb
  7689 | D:6      | Found a runed translucent door.
  8119 | D:6      | Found a broken altar of Ashenzari.
  8291 | D:6      | Reached skill level 5 in Ice Magic
  8322 | D:6      | Reached XP level 9. HP: 56/62 MP: 15/15
  8469 | D:6      | Reached skill level 5 in Hexes
  8573 | D:6      | Reached skill level 8 in Conjurations
  8809 | D:6      | Noticed 0gre's ghost (novice GnCj)
  8976 | D:7      | Found a shadowy altar of Dithmenos.
  9126 | D:7      | Reached skill level 5 in Air Magic
  9325 | D:7      | Noticed a manticore
  9334 | D:7      | Killed a manticore
  9472 | D:7      | Killed an unseen horror
  9654 | D:7      | Reached skill level 9 in Conjurations
  9654 | D:7      | Reached XP level 10. HP: 55/69 MP: 16/16
  9654 | D:7      | Noticed a two-headed ogre
  9663 | D:7      | Killed a two-headed ogre
  9918 | D:7      | Found an iron altar of Okawaru.
 10986 | D:7      | Became a worshipper of Dithmenos the Shadowed
 11042 | D:8      | Found a radiant altar of Vehumet.
 11065 | D:8      | Found an ancient bone altar of Kikubaaqudgha.
 11093 | D:8      | Found a shimmering blue altar of Sif Muna.
 11182 | D:8      | Paralysed by a hornet for 3 turns
 11186 | D:8      | Reached skill level 1 in Fighting
 11186 | D:8      | Reached skill level 1 in Staves
 11981 | D:8      | Found Hagaton's General Store.
 11989 | D:8      | Bought a potion of degeneration for 10 gold pieces
 12703 | D:4      | Bought a scroll of fear for 45 gold pieces
 12703 | D:4      | Bought a scroll of noise for 13 gold pieces
 12713 | D:4      | Bought a potion of heal wounds for 65 gold pieces
 12713 | D:4      | Bought a potion of mutation for 104 gold pieces
 12713 | D:4      | Bought a potion of haste for 130 gold pieces
 12715 | D:4      | Reached skill level 5 in Fighting
 12715 | D:4      | Reached XP level 11. HP: 86/86 MP: 17/17
 12870 | D:9      | Noticed Erica
 12877 | D:9      | Killed Erica
 13170 | D:9      | Reached skill level 5 in Stealth
 13797 | D:9      | Found a staircase to the Orcish Mines.
 14111 | D:10     | Entered Level 10 of the Dungeon
 14536 | D:10     | Reached * piety under Dithmenos
 14537 | D:10     | Reached skill level 5 in Dodging
 14827 | D:10     | Reached XP level 12. HP: 94/94 MP: 19/19
 15421 | D:10     | Learned a level 1 spell: Apportation
 15477 | D:10     | Found a basalt altar of Yredelemnul.
 15479 | D:10     | Noticed a profane servitor
 15546 | D:10     | Found a glowing golden altar of the Shining One.
 15548 | D:10     | Noticed an angel
 15665 | D:11     | Noticed a two-headed ogre
 15669 | D:11     | Killed a two-headed ogre
 15670 | D:11     | Reached skill level 5 in Short Blades
 15670 | D:11     | Reached skill level 5 in Spellcasting
 15740 | D:11     | Found a gate leading to a gauntlet.
 15755 | Gauntlet | Entered a Gauntlet
 15755 | Gauntlet | Found a transporter.
 15762 | Gauntlet | Found a transporter.
 15764 | Gauntlet | Found a transporter.
 15778 | Gauntlet | Found a transporter.
 15781 | Gauntlet | Noticed a death yak
 15781 | Gauntlet | Noticed a death yak
 15782 | Gauntlet | Noticed a death yak
 15783 | Gauntlet | Noticed a death yak
 15783 | Gauntlet | Noticed a death yak
 15783 | Gauntlet | Noticed a death yak
 15785 | Gauntlet | Found a transporter.
 15785 | Gauntlet | Found a runed translucent gate.
 15785 | Gauntlet | Found a runed translucent gate.
 15785 | Gauntlet | Found a runed translucent gate.
 15788 | Gauntlet | Found a transporter.
 15804 | Gauntlet | Found a transporter.
 15812 | Gauntlet | Noticed a minotaur
 15815 | Gauntlet | Found a transporter.
 15820 | Gauntlet | Noticed a reaper
 15826 | Gauntlet | Found a transporter.
 15827 | Gauntlet | Found the amulet of Vitality {Regen+ HP+15}
 15841 | Gauntlet | Found a transporter.
 15855 | Gauntlet | Found a transporter.
 15855 | Gauntlet | Found a transporter.
 15898 | Gauntlet | Found a transporter.
 15912 | Gauntlet | Found a transporter.
 16121 | Gauntlet | Reached skill level 10 in Conjurations
 16121 | Gauntlet | Reached skill level 1 in Translocations
 16337 | Gauntlet | Identified the +0 pair of boots of the Barber Surgeon
                  | {rPois Int-2 SInv}
 16347 | Gauntlet | Killed a death yak
 16347 | Gauntlet | Killed a death yak
 16350 | Gauntlet | Killed a death yak
 16352 | Gauntlet | Killed a death yak
 16355 | Gauntlet | Killed a death yak
 16357 | Gauntlet | Reached ** piety under Dithmenos
 16358 | Gauntlet | Killed a death yak
 16667 | Gauntlet | Killed a minotaur
 17307 | D:11     | Noticed Erolcha
 17313 | D:11     | Cast into level 1 of the Abyss (Erolcha)
 17381 | Abyss:1  | HP: 3/66 [rock wall collision (1)]
 17413 | Abyss:1  | Killed from afar by a wretched star

Illustrated notes

Levels and vault maps discovered:
D:1:      dpeg_arrival_lava_temple_mockup, layout_basic,
          ebering_ecumenical_altar_mist
D:2:      layout_rooms, minmay_box_of_dots
D:3:      layout_loops_ring, minmay_cut_off
D:4:      layout_rooms, general_overflow_altar,
          minmay_temple_entry_gardened_gates, minmay_shop_grid_forest,
          uniq_grinder
D:5:      layout_loops_corners, cheibrodos_sewer_entry_bend,
          uniq_prince_ribbit1, uniq_ijyb
D:6:      layout_rooms, kennysheep_little_box, ebering_ghost_reflecting_pool,
          kennysheep_generic_room_11
D:7:      minmay_general_purpose_star, layout_cave_pools,
          mainiacjoe_overflow_alcove_1, grunt_dithmenos_smoke_and_mirrors,
          minmay_manual_mess
D:8:      layout_gridville, palyth_temple_overflow_mages, serial_shops,
          shop_fountains
D:9:      layout_basic, orc_0_dummy, uniq_erica
D:10:     layout_rooms, grunt_temple_overflow_holy_war, hangedman_decor_lopped
D:11:     layout_rooms, lair_entry_dummy, gauntlet_entry_generic, uniq_erolcha
Temple:   nicolae_temple_figure_eight
Abyss:1:  base: D:7, evilmike_abyss_exit_16

Skill      XL: |  1  2  3  4  5  6  7  8  9 10 11 12 |
---------------+-------------------------------------+-----
Conjurations   | 5 6 7 9 10 | 10.3
Necromancy     | 1 2 |  2.1
Spellcasting   | 3 4 5 |  5.6
Hexes          | 1 2 3 4 6 |  6.8
Ice Magic      | 3 5 7 8 9 |  9.5
Air Magic      | 2 4 6 7 8 |  8.0
Dodging        | 4 5 |  5.9
Fighting       | 5 |  5.6
Staves         | 1 |  1.1
Stealth        | 4 5 6 |  6.2
Short Blades   | 4 5 |  5.7
Translocations | 3 |  3.0

Action                   |  1- 3 |  4- 6 |  7- 9 | 10-12 || total
-------------------------+-------+-------+-------+-------++-------
Melee: Unarmed           |     2 |       |       |       ||     2
       Tailslap          |     2 |     2 |     3 |     1 ||     8
       Staff             |    12 |    11 |       |       ||    23
       Short sword       |       |    13 |    50 |    13 ||    76
 Cast: Magic Dart        |    52 |    84 |    70 |    91 ||   297
       Searing Ray       |     1 |     9 |    57 |    72 ||   139
       Freezing Cloud    |       |       |       |    38 ||    38
       Apportation       |       |       |       |     1 ||     1
 Abil: Breathe Frost     |       |       |     1 |     2 ||     3
  Use: Scroll            |     3 |     2 |     2 |    10 ||    17
       Potion            |       |       |       |     1 ||     1
 Stab: Sleeping          |       |     1 |     1 |     1 ||     3
Armor: Skin              |     8 |    27 |    47 |    39 ||   121
Dodge: Dodged            |    11 |    42 |    68 |    58 ||   179
